 Dungeon Crawl Stone Soup version 0.28-b1-25-g9875b3fc8c (webtiles) character file.

Game seed: 10789157223846901304

81 crazypyro the Skirmisher (level 4, 0/38 HPs)
             Began as a Demonspawn Monk on Jan 31, 2022.
             Slain by a worm (4 damage)
             ... on level 3 of the Dungeon.
             The game lasted 00:02:19 (2456 turns).

crazypyro the Skirmisher (Demonspawn Monk)          Turns: 2456, Time: 00:02:20

Health: 0/38       AC:  4    Str: 14    XL:     4   Next: 20%
Magic:  4/4        EV: 12    Int: 17    God:
Gold:   95         SH:  0    Dex: 15    Spells: 3/3 levels left

rFire   . . .      SeeInvis .     - Unarmed
rCold   . . .      Faith    .   (no shield)
rNeg    . . .      Spirit   .   f - +0 leather armour
rPois   .          Reflect  .   (no helmet)
rElec   .          Harm     .   (no cloak)
rCorr   .          Rampage  .   (no gloves)
Will    .....                   (no boots)
Stlth   ++........              h - amulet of magic regeneration
HPRegen 0.12/turn               i - +6 ring of intelligence
MPRegen 0.58/turn               (no ring)

@: no status effects
A: rugged brown scales 1, magic regeneration, demonic magic 1
a: no special abilities


You were on level 3 of the Dungeon.
You visited 1 branch of the dungeon, and saw 3 of its levels.

You collected 95 gold pieces.

Inventory:

Armour
 a - a +0 robe
 f - a +0 leather armour (worn)
Jewellery
 h - an amulet of magic regeneration (around neck)
 i - a +6 ring of intelligence (left hand)
Scrolls
 c - 2 scrolls of teleportation {unknown}
 d - 2 scrolls of identify {unknown}
 j - a scroll of noise {unknown}
 k - a scroll of fear {unknown}
Potions
 b - a potion of flight {unknown}
 e - a potion of heal wounds {unknown}
 g - a potion of haste {unknown}


   Skills:
 + Level 3.8 Fighting
 + Level 0.2 Armour
 - Level 3.0 Dodging
 - Level 2.1 Stealth
 * Level 3.5 Unarmed Combat


You had 3 spell levels left.
You didn't know any spells.
Your spell library was empty.

Dungeon Overview and Level Annotations

Branches:
Dungeon (3/15)

Altars:
Zin


Innate Abilities, Weirdness & Mutations

You are partially covered in rugged brown scales. (AC +1, +3% HP)
You regenerate magic rapidly.
Spells you cast may paralyse adjacent enemies.


Message History

The ball python barely misses you. The ball python constricts you.
The ball python bites you. The ball python constricts you.
You hit the ball python.
You kill the ball python!
You hit the worm. You punch the worm.
The worm is moderately wounded.
You barely miss the worm.
The worm is moderately wounded.
You barely miss the worm.
The worm is moderately wounded.
You hit the worm.
The worm is severely wounded.
The worm closely misses you. The worm completely misses you.
You hit the worm.
The worm is severely wounded.
You hit the worm but do no damage.
The worm is severely wounded.
The worm bites you but does no damage. The worm bites you!
You are too injured to fight recklessly!
You are too injured to fight recklessly!
You hit the worm.
The worm is almost dead.
The worm barely misses you.
You completely miss the worm. You punch the worm, but do no damage.
The worm is severely wounded.
The worm bites you.
You hit the worm.
You kill the worm!
The worm bites you!
* * * LOW HITPOINT WARNING * * *
You see here a worm corpse.
You hit the worm.
The worm is moderately wounded.
The worm barely misses you.
You hit the worm but do no damage.
The worm is moderately wounded.
You hit the worm.
The worm is moderately wounded.
The worm bites you.
You die...

##......#
#.....### 8.
#.....#####..
#........#>.(
_
#.....#####$.
.# #..#..####
. .8#
#..#<.#..#
8##
#.......####
##
####@......#
##w######
#....# #.##.#
#.......#
#...#..)#...#
..## .....
##.. #.#...#
+.....'


You could see a worm.

Vanquished Creatures
  3 adders
  A worm (D:3)
  3 dart slugs (D:1)
  3 endoplasms
  3 giant cockroaches (D:1)
  6 goblins
  5 hobgoblins
  3 kobolds
  4 ball pythons
  5 bats
  2 frilled lizards
  5 rats
43 creatures vanquished.

Notes
Turn   | Place    | Note
-------+----------+-------------------------------------------
     0 | D:1      | crazypyro the Demonspawn Monk began the quest for the Orb.
     0 | D:1      | Reached XP level 1. HP: 18/18 MP: 1/1
   386 | D:1      | Gained mutation: You regenerate magic rapidly. [demonic
                  | ancestry]
   386 | D:1      | Reached XP level 2. HP: 21/24 MP: 2/2
   925 | D:1      | Found a faded altar of an unknown god.
   937 | D:1      | Gained mutation: You are partially covered in rugged brown
                  | scales. (AC +1, +3% HP) [demonic ancestry]
   937 | D:1      | Reached XP level 3. HP: 19/29 MP: 3/3
  2398 | D:3      | Gained mutation: Spells you cast may paralyse adjacent
                  | enemies. [demonic ancestry]
  2398 | D:3      | Reached XP level 4. HP: 37/38 MP: 4/4
  2456 | D:3      | Slain by a worm

Illustrated notes

Levels and vault maps discovered:
D:1:      minmay_arrival_stair_chambers, layout_basic,
          shapermc_ecumenical_altar_venn, minivault_27
D:2:      layout_loops_cross
D:3:      layout_loops_cross, nicolae_overflow_hidden_temple,
          mainiacjoe_overflow_surrounded_room,
          nicolae_dithmenos_through_a_glass_darkly,
          minmay_fractal_squares_diagonal_5

Skill      XL: |  1  2 |
---------------+-------+-----
Stealth        | 2 |  2.1
Dodging        | 3 |  3.0
Unarmed Combat | 3 |  3.5
Fighting       | |  3.8
Armour         | |  0.2

Action                   |  1- 3 |  4- 6 || total
-------------------------+-------+-------++-------
Melee: Unarmed           |   132 |    35 ||   167
       Punch             |     3 |     2 ||     5
 Stab: Sleeping          |     3 |       ||     3
       Distracted        |     1 |       ||     1
Armor: Robe              |     9 |       ||     9
       Leather armour    |    30 |    11 ||    41
Dodge: Dodged            |    83 |    14 ||    97
